 Dungeon Sprint DCSS version 0.27.1 (webtiles) character file.

Game seed: 1625131014936098287

1780 styxcanada the Unseen (level 8, -8/42 HPs)
             Began as a Spriggan Brigand on Aug 31, 2021.
             Was an Initiate of Gozag.
             Killed from afar by a burning bush (15 damage)
             ... with a puff of flame
             ... in the Dungeon (Sprint IV: "Fedhas' Mad Dash").
             The game lasted 00:06:31 (916 turns).

styxcanada the Unseen (Spriggan Brigand)             Turns: 916, Time: 00:06:34

Health: -8/42      AC:  3    Str:  7    XL:     8   Next: 81%
Magic:  16/16      EV: 22    Int: 12    God:    Gozag
Gold:   560        SH:  7    Dex: 19    Spells: 13/16 levels left

rFire    . . .     SeeInvis +   q - +2 dagger (drain)
rCold    . . .     Faith    .   o - +0 buckler
rNeg     . . .     Spirit   .   b - +0 robe
rPois    .         Reflect  .   (helmet restricted)
rElec    .         Harm     .   c - +0 cloak
rCorr    .         Rampage  .   (gloves unavailable)
Will     +....     NoTele   +   (boots unavailable)
Stlth    ++++++++..             m - amulet of invisibility {+Inv}
HPRegen  0.14/turn              (no ring)
MPRegen  0.15/turn              (no ring)

@: very slightly contaminated, invisible, very quick
A: very small, no large weapons, unfitting armour, see invisible, speed 3
a: Renounce Religion, Evoke Invisibility, Potion Petition, Call Merchant, Bribe
Branch


You were in the Dungeon.
You worshipped Gozag.
Gozag was pleased with you.
You visited 1 branch You collected 1095 gold pieces.
You spent 535 gold pieces at shops.

Inventory:

Hand Weapons
 a - a +2 dagger
 j - a +0 hunting sling
 q - a +2 dagger of draining (weapon)
Missiles
 d - 8 poisoned darts (quivered)
 e - 2 curare-tipped darts
 l - 8 sling bullets
Armour
 b - a +0 robe (worn)
 c - a +0 cloak (worn)
 o - a +0 buckler (worn)
Jewellery
 m - the amulet of invisibility (around neck) {+Inv}
   (You found it in the Dungeon)

   [amulet of nothing]

   +Inv:      It lets you turn invisible.
Scrolls
 k - a scroll of blinking
 n - a scroll of identify {unknown}
 p - a scroll of vulnerability {unknown}
Potions
 f - a potion of curing
 h - a potion of haste
 i - 2 potions of magic
Miscellaneous
 r - a phial of floods (inert)


   Skills:
 * Level 4.8 Fighting
 + Level 4.5 Short Blades
 + Level 3.2 Throwing
 * Level 7.7 Dodging
 * Level 19.6 Stealth
 * Level 3.0 Shields
 * Level 4.8 Spellcasting
 * Level 5.1 Transmutations
 * Level 3.2 Fire Magic
 * Level 3.9 Poison Magic
 * Level 7.8 Evocations


You had 13 spell levels left.
You knew the following spells:

 Your Spells              Type           Power      Damage    Failure   Level
a - Ignite Poison         Fire/Tmut/Pois 12%        N/A       16%         3

Your spell library contained the following spells:

 Spells                   Type           Power      Damage    Failure   Level
 Mephitic Cloud           Conj/Pois/Air  6%         N/A       43%         3
 Bolt of Magma            Conj/Fire/Erth 2%         4d4       99%         5


Dungeon Overview and Level Annotations

Branches:
Dungeon (1/1)

Altars:
Cheibriados
Dithmenos
Elyvilon
Gozag
Hepliaklqana
Kikubaaqudgha
Makhleb
Nemelex Xobeh
Okawaru
Qazlal
Ru
Sif Muna
Trog
Uskayaw
Vehumet
Wu Jian
Xom
Yredelemnul
Zin
The Shining One
Beogh
Jiyva
Lugonu

Shops:
D :(((


Innate Abilities, Weirdness & Mutations

You are very small and have problems with some larger weapons.
You are too small for most types of armour.
You have supernaturally acute eyesight. (SInv)
You cover ground extremely quickly. (Speed+++)


Message History

The burning bush is heavily damaged.
The burning bush throws fire at you. You block the puff of flame.
You hit the burning bush but do no damage.
The burning bush is heavily damaged.
You are engulfed in a cloud of scalding steam.
The burning bush throws fire at you. The puff of flame misses you.
You hit the burning bush but do no damage.
The burning bush is heavily damaged.
Your unstable footing causes you to fumble your attack.
Your unstable footing causes you to fumble your attack.
Your unstable footing causes you to fumble your attack.
Your unstable footing causes you to fumble your attack.
You hit the burning bush but do no damage.
The burning bush is heavily damaged.
The burning bush throws fire at you. The puff of flame hits you!
* * * LOW HITPOINT WARNING * * *
Your unstable footing causes you to fumble your attack.
You are engulfed in a cloud of scalding steam.
* * * LOW HITPOINT WARNING * * *
You feel much better.
You are engulfed in a cloud of scalding steam.
You hit the burning bush but do no damage.
The burning bush is heavily damaged.
You are engulfed in a cloud of scalding steam.
You hit the burning bush but do no damage.
The burning bush is heavily damaged.
You are engulfed in a cloud of scalding steam.
The burning bush throws fire at you. The puff of flame misses you.
You completely miss the burning bush.
The burning bush is heavily damaged.
You are engulfed in a cloud of scalding steam.
* * * LOW HITPOINT WARNING * * *
The burning bush throws fire at you. The puff of flame hits you!
You die...
Your body crumbles into a pile of gold.

#<..P#.....#.....#.⌠._
#PP..'.....'.#.[.'.._.
#PPPP#...†.#.#...#..._
###############'##.._.
#...♣........'...#._._
#......♣.....#...#####
#.....♣..♣..######
##'####'#####
#).#$@$$+ #.)#P.###
#######


You could see a burning bush.

Vanquished Creatures
  An oklob plant (D)
  2 wandering mushrooms (D)
  A burning bush (D)
  A queen bee (D)
  3 scorpions (D)
  4 killer bees (D)
  4 oklob saplings (D)
  2 spriggans (D)
  A river rat (D)
  A rat (D)
20 creatures vanquished.

Notes
Turn   | Place    | Note
-------+----------+-------------------------------------------
     0 | D        | styxcanada the Spriggan Brigand began the quest for the
                  | Orb.
     0 | D        | Reached XP level 1. HP: 10/10 MP: 2/2
     9 | D        | Reached skill level 8 in Stealth
     9 | D        | Reached XP level 2. HP: 15/15 MP: 3/3
    47 | D        | Noticed an oklob sapling
    49 | D        | Killed an oklob sapling
    50 | D        | Reached skill level 10 in Stealth
    50 | D        | Reached XP level 3. HP: 18/18 MP: 4/4
    51 | D        | Noticed a scorpion
    51 | D        | Found the amulet of invisibility {+Inv}
    53 | D        | Killed a scorpion
    54 | D        | Reached skill level 12 in Stealth
    54 | D        | Reached XP level 4. HP: 23/23 MP: 5/5
    74 | D        | Found an opulent altar of Gozag.
    74 | D        | Found a hazy altar of Hepliaklqana.
    74 | D        | Found a burning altar of Makhleb.
    74 | D        | Found a sparkling altar of Nemelex Xobeh.
    74 | D        | Found a sacrificial altar of Ru.
    74 | D        | Found a shimmering blue altar of Sif Muna.
    74 | D        | Found an ornate altar of the Wu Jian Council.
    74 | D        | Found a shimmering altar of Xom.
    74 | D        | Found a basalt altar of Yredelemnul.
    75 | D        | Found a viscous altar of Jiyva.
    75 | D        | Found a snail-covered altar of Cheibriados.
    75 | D        | Found a bloodstained altar of Trog.
    76 | D        | Found an iron altar of Okawaru.
    76 | D        | Found a shadowy altar of Dithmenos.
    76 | D        | Found a glowing silver altar of Zin.
    77 | D        | Found an ancient bone altar of Kikubaaqudgha.
    77 | D        | Found a hide-covered altar of Uskayaw.
    78 | D        | Found a stormy altar of Qazlal.
    78 | D        | Found a white marble altar of Elyvilon.
    78 | D        | Found a glowing golden altar of the Shining One.
    79 | D        | Became a worshipper of Gozag Ym Sagoz the Greedy
    80 | D        | Found a corrupted altar of Lugonu.
    80 | D        | Found a radiant altar of Vehumet.
    84 | D        | Reached skill level 13 in Stealth
    84 | D        | Reached skill level 1 in Evocations
    84 | D        | Reached XP level 5. HP: 28/28 MP: 3/6
   136 | D        | Reached skill level 14 in Stealth
   142 | D        | Reached skill level 5 in Dodging
   143 | D        | Reached skill level 15 in Stealth
   145 | D        | Reached XP level 6. HP: 32/32 MP: 5/7
   158 | D        | Found Humirhe's Antique Weapon Shop.
   158 | D        | Found Yqiyx's Book Emporium.
   164 | D        | Bought a Trismegistus Codex for 364 gold pieces
   168 | D        | Learned a level 3 spell: Ignite Poison
   205 | D        | Noticed a burning bush
   205 | D        | Noticed a wandering mushroom
   206 | D        | Noticed a wandering mushroom
   210 | D        | Killed a wandering mushroom
   211 | D        | Reached skill level 17 in Stealth
   211 | D        | Reached skill level 1 in Shields
   211 | D        | Reached skill level 1 in Fire Magic
   211 | D        | Reached skill level 1 in Poison Magic
   211 | D        | Killed a wandering mushroom
   212 | D        | Reached skill level 5 in Evocations
   212 | D        | Reached XP level 7. HP: 25/37 MP: 5/12
   322 | D        | Reached skill level 18 in Stealth
   333 | D        | Killed a burning bush
   349 | D        | Found Ugoimuuxo's Weapon Emporium.
   349 | D        | Found Esesh's Antique Weapon Shoppe.
   357 | D        | Bought a +2 dagger of draining for 171 gold pieces
   422 | D        | Reached XP level 8. HP: 42/42 MP: 11/14
   428 | D        | Noticed a queen bee
   456 | D        | Killed a queen bee
   457 | D        | Reached skill level 19 in Stealth
   723 | D        | Noticed an oklob plant
   726 | D        | Killed an oklob plant
   727 | D        | Reached skill level 5 in Transmutations
   737 | D        | Noticed a burning bush
   912 | D        | HP: 2/42 [burning bush] (5)]
   916 | D        | Killed from afar by a burning bush

Illustrated notes

Levels and vault maps discovered:
D:        dungeon_sprint_fedhas [sprint_temple]

Skill      XL: |  1  2  3  4  5  6  7  8 |
---------------+-------------------------+-----
Dodging        | 2 3 4 5 6 7 |  7.7
Stealth        | 8 10 12 13 15 17 18 19 | 19.6
Fighting       | 2 3 4 |  4.8
Short Blades   | 3 4 |  4.5
Evocations     | 1 3 5 6 7 |  7.8
Throwing       | 3 |  3.2
Shields        | 1 2 3 |  3.0
Spellcasting   | 3 4 |  4.8
Transmutations | 3 5 |  5.1
Fire Magic     | 1 2 3 |  3.2
Poison Magic   | 2 3 |  3.9

Action                   |  1- 3 |  4- 6 |  7- 9 || total
-------------------------+-------+-------+-------++-------
Melee: Dagger            |     6 |     8 |    53 ||    67
 Abil: Evoke Invisibilit |       |     3 |     5 ||     8
Evoke: Phial of floods   |       |       |     1 ||     1
  Use: Potion            |       |       |     3 ||     3
 Stab: Sleeping          |     3 |     6 |     3 ||    12
       Invisible         |       |     1 |     5 ||     6
Armor: Robe              |       |       |     1 ||     1
Dodge: Dodged            |       |     2 |    32 ||    34
Block: Buckler           |       |       |    11 ||    11
